 Dungeon Crawl Stone Soup version 0.22.1-6-g1668fe2c40 (webtiles) character file.

98 Peloso the Shield-Bearer (level 4, -6/40 HPs)
             Began as a Minotaur Fighter on Jan 25, 2019.
             Killed by nerve-wracking pain
             ... invoked by Jessica
              (9 damage)
             ... on level 2 of the Dungeon.
             The game lasted 00:01:49 (1035 turns).

Peloso the Shield-Bearer (Minotaur Fighter)         Turns: 1035, Time: 00:01:50

Health: -6/40      AC:  7    Str: 20    XL:     4   Next: 44%
Magic:  3/3        EV:  8    Int:  5    God:
Gold:   79         SH:  9    Dex: 11    Spells: 3/3 levels left

rFire    . . .     SeeInvis .   a - +0 long sword
rCold    . . .     Gourm    .   c - +0 shield
rNeg     . . .     Faith    .   b - +0 scale mail
rPois    .         Spirit   .   (helmet restricted)
rElec    .         Reflect  .   (no cloak)
rCorr    .         Harm     .   (no gloves)
MR       .....                  (no boots)
Stlth    ..........             (no amulet)
HPRegen  0.13/turn              (no ring)
MPRegen  0.08/turn              (no ring)

@: slowed, very slow
A: retaliatory headbutt, horns 2
a: no special abilities


You were on level 2 of the Dungeon.
You were hungry.

You visited 1 branch of the dungeon, and saw 2 of its levels.

You collected 79 gold pieces.

Inventory:

Hand Weapons
 a - a +0 long sword (weapon)
Armour
 b - a +0 scale mail (worn)
 c - a +0 shield (worn)
Jewellery
 e - an uncursed ring of poison resistance {unknown}
Scrolls
 h - a scroll of enchant weapon {unknown}
 i - a scroll of identify {unknown}
 j - a scroll of random uselessness {unknown}
 k - a scroll of fear {unknown}
 m - a scroll of blinking {unknown}
Potions
 d - 2 potions of might
 g - 3 potions of curing {unknown}
 l - a potion of lignification {unknown}
 n - a potion of berserk rage {unknown}
Comestibles
 f - 5 rations


   Skills:
 + Level 4.2 Fighting
 + Level 3.2 Long Blades
 + Level 4.4 Armour
 + Level 1.0 Dodging
 + Level 4.7 Shields


You had 3 spell levels left.
You didn't know any spells.
Your spell library was empty.

Dungeon Overview and Level Annotations

Branches:
Dungeon (2/15)

Altars:

Annotations:
D:2 Jessica


Innate Abilities, Weirdness & Mutations

You reflexively headbutt those who attack you in melee.
You have a pair of horns on your head.


Message History

Jessica is lightly wounded.
Jessica gestures wildly while chanting.
Jessica blinks!
Jessica hits you but does no damage.
You see here a club.
Unknown command.
You slash Jessica!
Jessica is almost dead.
You block Jessica's attack. Jessica closely misses you.
You riposte.
You hit Jessica but do no damage.
Jessica is severely wounded.
Jessica shouts, "Stop bothering me, or I'll kill you!"
Jessica casts a spell at you.
You barely resist. You closely miss Jessica.
Jessica is severely wounded.
Jessica shouts, "Stop bothering me, or I'll kill you!"
Jessica gestures at you while chanting. Pain shoots through your body!
You die...

#.....# #.....##.#
##.....# #.†......#
#......# #.....#.##
#.....## #.....#...
#.....# #.....####
#..##.####......)..
#........##########
#.@#.###.# ##@#.#
#.# #)#.# #.# ####
#)#.# #.#######...
#.#.# #......##.##
#)#.# ######.##.#
#.#.# #.##.# #)#..
#.##.# ... #....#
....# ######


You could see Jessica.

Vanquished Creatures
  Natasha (D:2)
  Robin (D:2)
  2 worms (D:2)
  A dart slug (D:1)
  A leopard gecko (D:1)
  11 bats
  3 giant cockroaches
  11 goblins (D:2)
  9 hobgoblins
  A ball python (D:2)
  3 frilled lizards
  3 kobolds (D:1)
  4 rats
51 creatures vanquished.

Notes
Turn   | Place    | Note
-------+----------+-------------------------------------------
     0 | D:1      | Peloso the Minotaur Fighter began the quest for the Orb.
     0 | D:1      | Reached XP level 1. HP: 19/19 MP: 0/0
   132 | D:1      | Reached XP level 2. HP: 27/27 MP: 1/1
   788 | D:2      | Reached XP level 3. HP: 33/33 MP: 2/2
   830 | D:2      | Noticed Natasha
   835 | D:2      | Killed Natasha
   914 | D:2      | Reached XP level 4. HP: 38/40 MP: 3/3
   984 | D:2      | Noticed Robin
   986 | D:2      | Noticed Jessica
  1031 | D:2      | Killed Robin
  1031 | D:2      | Reached skill level 1 in Dodging
  1031 | D:2      | HP: 2/40 [Jessica/nerve-wracking pain (14)]
  1035 | D:2      | Killed from afar by Jessica

Skill      XL: |  1  2  3  4 |
---------------+-------------+-----
Shields        | 4 |  4.7
Armour         | 4 |  4.4
Fighting       | 4 |  4.2
Long Blades    | 3 |  3.2
Dodging        | 1 |  1.0

Action                   |  1- 3 |  4- 6 || total
-------------------------+-------+-------++-------
Melee: Long sword        |    68 |    48 ||   116
       Headbutt          |     9 |     5 ||    14
Armor: Scale mail        |    40 |    25 ||    65
Dodge: Dodged            |    33 |    21 ||    54
Block: Shield            |    55 |    26 ||    81
       Rpst.: Long sword |     7 |     4 ||    11
